[Event "1000GM Memorial Day NY IM-C 2023"]
[Site "New York"]
[Date "2023.05.25"]
[Round "1.1"]
[White "Mahajan, Rushaan"]
[Black "Sazci, Bilgen"]
[Result "1-0"]
[ECO "A13"]
[WhiteElo "2279"]
[BlackElo "1827"]
[Annotator "TA"]
[PlyCount "119"]
[EventDate "2023.05.23"]
[EventType "tourn"]
[EventRounds "9"]
[EventCountry "USA"]
[SourceTitle "playchess.com"]
[Source "ChessBase"]
[SourceQuality "1"]
[TimeControl "5400+30"]

1. Nf3 d5 2. b3 Nf6 3. Bb2 e6 4. c4 c5 5. e3 Nc6 6. cxd5 exd5 7. Be2 Be7 8. O-O O-O 9. d4 Be6 10. Nc3 Ne4 11. dxc5 {D32: Tarrasch Defence: Sidelines and lines without g3.} Bf6 12. Nd4 Nxc5 {[#]} 13. Ncb5 $146 {White is slightly better.} (13. Ba3 $5 Be7 14. Nxe6 fxe6 15. b4 $14) ({Predecessor:} 13. Nxe6 fxe6 14. Rc1 Ne4 15. a3 {½-½ McKay,R-Ivarsson,S Norwich Junior International U18 1972 (6)}) 13... Ne4 14. Rc1 a6 (14... Nxd4 $14 15. Nxd4 Re8) 15. Nxc6 $16 bxc6 16. Bxf6 (16. Nd4 Bd7 $16) 16... Qxf6 17. Nc7 Nc3 18. Qd2 Ra7 {Strongly threatening ...Nxe2+.} 19. Rxc3 Rxc7 20. Bxa6 ({Better is} 20. Rc5 $16) 20... Ra8 $11 21. Bd3 Rxa2 {[%mdl 64] Deflection} 22. Rc2 Rxc2 23. Qxc2 g6 24. Qc5 Rb7 25. b4 Qb2 26. Rb1 Qa3 27. Bf1 Bd7 28. Qd4 {Ra1 is the strong threat.} Qa7 29. Qc3 Qb8 30. Bd3 Qd6 31. Qd4 Qf8 32. h4 Qg7 33. Qc5 Qe5 {[#]} 34. e4 $1 Kg7 (34... Rb8 {simplifies} 35. exd5 Qxd5 36. Qxd5 cxd5 37. Kh2 Kf8) 35. g3 h5 36. f4 Qf6 37. exd5 cxd5 38. Qxd5 Bc6 (38... Ra7 $5) 39. Qe5 Bb5 $2 {[#]} 40. Qxf6+ $1 $18 ({Don't play} 40. Bxb5 $6 Qxe5 41. fxe5 Rxb5 $14) 40... Kxf6 41. Bxb5 Rxb5 {[%mdl 4096] Endgame KR-KR} 42. Kf2 {And now Ke3 would win.} Kf5 {[#]} 43. Kf3 {Black must now prevent Rb3.} f6 44. Rb3 {Ke3 would be deadly.} g5 $2 {[%mdl 8192] This move loses the game for Black.} (44... Ke6 $16 45. Ke4 g5) 45. fxg5 fxg5 46. hxg5 Kxg5 47. Ke4 Kg4 48. Kd4 Kh3 49. Kc4 Rg5 50. b5 Rg4+ 51. Kc5 Rg5+ 52. Kb4 Rxg3 53. Rxg3+ {White mates.} Kxg3 {KP-KP} 54. b6 h4 55. b7 h3 56. b8=Q+ ({Not} 56. b8=R h2 57. Rh8 Kg2 $11) 56... Kg2 57. Qg8+ Kh1 58. Qd5+ Kg1 59. Qd4+ Kh1 60. Qe4+ {Weighted Error Value: White=0.05 (flawless) /Black=0.24 (precise)} 1-0

[Event "1000GM Memorial Day NY IM-C 2023"]
[Site "New York"]
[Date "2023.05.25"]
[Round "1.2"]
[White "Zumsande, Martin"]
[Black "Moor, Nathaniel"]
[Result "1/2-1/2"]
[ECO "C44"]
[WhiteElo "2454"]
[BlackElo "2185"]
[Annotator "TA"]
[PlyCount "76"]
[EventDate "2023.05.23"]
[EventType "tourn"]
[EventRounds "9"]
[EventCountry "USA"]
[SourceTitle "playchess.com"]
[Source "ChessBase"]
[SourceQuality "1"]
[TimeControl "5400+30"]

1. e4 e5 2. Nf3 Nc6 3. c3 Nf6 4. d4 exd4 5. e5 Ne4 6. Qe2 f5 7. exf6 d5 8. Ng5 {C44: Ponziani Opening and Scotch Gambit.} (8. Nbd2 $11 Qxf6 9. Nxe4 dxe4 10. Qxe4+ Be7 11. Bd3 (11. cxd4 $2 Bf5 $19)) 8... Qxf6 $15 {aiming for ...Be7.} 9. Nxe4 dxe4 10. Qxe4+ {Black is slightly better.} Be7 $1 11. Bd3 $1 Be6 {[#]} 12. O-O $146 ({Predecessor:} 12. cxd4 O-O-O 13. Be3 Nxd4 14. Qf4 Nc6 15. Ke2 Qxb2+ 16. Nd2 Rxd3 17. Kxd3 Ne5+ 18. Ke4 Qb4+ 19. Bd4 Nc6 20. Ke3 Nxd4 {0-1 Hanson-Wagner,H Robinow Cup-01 1910 (1.11)}) 12... O-O-O 13. Bg5 $1 {[%mdl 64] [#] Deflection} Qxg5 14. Qxe6+ Kb8 {And now ...dxc3 would win.} 15. Be4 Rd6 16. Qb3 Qf4 {White is weak on the dark squares} 17. Bxc6 Rxc6 18. cxd4 Bd6 ({Don't play} 18... Qxd4 $6 19. Nc3 $11) (18... Rh6 $1 $17 19. g3 Qf5) 19. g3 $11 Qxd4 {...Rb6 would be deadly.} 20. Nc3 Rb6 (20... Qb4 {simplifies} 21. Qxb4 Bxb4 22. Rac1 Bxc3 23. Rxc3 Rxc3 24. bxc3 Re8) 21. Qc2 h5 22. Rae1 h4 23. Re4 Qc5 24. Qa4 {Intending Re8+ and mate.} (24. Rxh4 Rxh4 25. gxh4 Qh5 $17) 24... Qf5 25. Rxh4 ({Much worse is} 25. g4 Qf7 26. Rfe1 a6 27. Re8+ Rxe8 28. Qxe8+ (28. Rxe8+ $2 {loses.} Ka7 $19) 28... Qxe8 29. Rxe8+ Ka7) 25... Rxh4 26. Qxh4 Rxb2 27. Qh8+ (27. Ne4 $5 ) 27... Bf8 28. Nd5 {[%mdl 64] [#] Strongly threatening Ne7. Deflection, Back Rank} a6 {Threatens to win with ...Ka7.} (28... b5 $5) 29. Ne7 Qf7 30. Ng6 {[%mdl 64] Deflection} Qxg6 31. Qxf8+ {[%mdl 4096] Endgame KQR-KQR} Ka7 32. a3 Rc2 33. h4 c5 34. Rd1 Qg4 35. Re1 Qd4 36. Qf3 (36. Kg2 $11) 36... Rc3 $15 37. Re3 Rc1+ ({Black should play} 37... Rxe3 $15 38. Qxe3 b5) 38. Kh2 Qd1 {Weighted Error Value: White=0.08 (flawless) /Black=0.10 (very precise)} 1/2-1/2

[Event "1000GM Memorial Day NY IM-C 2023"]
[Site "New York"]
[Date "2023.05.25"]
[Round "1.3"]
[White "Lee, Megan"]
[Black "Mou, Iris"]
[Result "1-0"]
[ECO "B15"]
[WhiteElo "2261"]
[BlackElo "2002"]
[Annotator "TA"]
[PlyCount "73"]
[EventDate "2023.05.23"]
[EventType "tourn"]
[EventRounds "9"]
[EventCountry "USA"]
[SourceTitle "playchess.com"]
[Source "ChessBase"]
[SourceQuality "1"]
[TimeControl "5400+30"]

1. e4 c6 2. d4 d5 3. Nc3 dxe4 4. Nxe4 Nf6 5. Nxf6+ exf6 6. c3 Bd6 7. Bd3 O-O 8. Ne2 Re8 9. Qc2 {B15: Caro-Kann: 3 Nc3: 3...g6 and 3...dxe4 4 Nxe4 Nf6 5 Nxf6+ exf6.} h5 10. Be3 Nd7 11. O-O-O {The position is equal.} Nf8 12. c4 Be6 13. Kb1 Rc8 14. a3 b5 15. c5 Bc7 16. Nc3 $1 Bd5 {[#]} 17. Rhe1 $146 (17. Rhg1 $16) ({Predecessor:} 17. Rhg1 g6 18. Nxd5 Qxd5 19. g4 h4 20. Bf1 Qd7 21. Bg2 Rcd8 22. h3 Ne6 23. Qe4 Nxc5 24. Qxc6 Qxc6 25. Bxc6 {1-0 Fedorchuk,S (2605)-Bujisho,B (2296) Cappelle op 38th 2022 (6)}) 17... Ba5 (17... Bxh2 $2 18. Rh1 $18) (17... g6 $11) 18. b4 {[#] aiming for Nxd5.} Bc7 19. f3 a5 (19... Bxh2 $142 20. Nxd5 Qxd5) 20. Nxd5 $16 Qxd5 21. Be4 Qd7 22. d5 cxd5 23. Rxd5 Qe6 24. Rdd1 {Black must now prevent Bf5. White is more active.} g6 {Dodges Bf5} (24... axb4 $142 25. axb4 Qa6) 25. Bd5 Qa6 26. Qa2 Ne6 27. g3 Be5 28. f4 (28. Kc2 $142) 28... Bc3 29. Bd2 {This pair of bishops is nice.} Bd4 (29... Bxd2 $16 30. Qxd2 (30. Rxd2 Kf8 $16) 30... Kg7) 30. Re4 $18 {Hoping for Bxe6.} (30. bxa5 Bxc5 31. f5 gxf5 $16) 30... f5 $2 (30... Bxc5 31. bxc5 Rxc5) 31. Re2 $2 (31. Rxd4 $18 Nxd4 32. Bxf7+ Kf8 33. Bxe8 (33. bxa5 Re2 $11) 33... Rxe8 34. Bc3 (34. bxa5 Qc6 $11) 34... axb4 35. Bxd4) 31... Bg7 {[#]} ({Black should play} 31... axb4 $1 $14 32. axb4 Qxa2+ 33. Bxa2 (33. Kxa2 Rcd8 $14) 33... Kf8) 32. Rde1 (32. bxa5 Rxc5 33. Bb4 Rc7 $14) ({Better is} 32. Bc1 $1 $16) 32... axb4 $11 33. Bxe6 (33. axb4 $5 Qxa2+ 34. Bxa2 $11) 33... fxe6 34. Rxe6 Rxe6 35. Rxe6 b3 $2 (35... Qa4 $11 36. axb4 Qd1+ 37. Bc1 Qd3+ 38. Qc2 Qd4) 36. Qxb3 $18 ({Weaker is} 36. Rxa6 bxa2+ 37. Kxa2 Rxc5 $14) 36... Qa4 37. Re8+ {[%mdl 64] Discovered Attack (Double check), Double Attack.   Weighted Error Value: White=0.42/Black=0.38} (37. Rxg6+ {gets mated.} Qxb3+ 38. Kc1 Rxc5+) 1-0

[Event "1000GM Memorial Day NY IM-C 2023"]
[Site "New York"]
[Date "2023.05.25"]
[Round "1.4"]
[White "Reiss, Aiden"]
[Black "Nemeth, Miklos"]
[Result "0-1"]
[ECO "C92"]
[WhiteElo "2138"]
[BlackElo "2452"]
[Annotator "TA"]
[PlyCount "110"]
[EventDate "2023.05.23"]
[EventType "tourn"]
[EventRounds "9"]
[EventCountry "USA"]
[SourceTitle "playchess.com"]
[Source "ChessBase"]
[SourceQuality "1"]
[TimeControl "5400+30"]

1. e4 e5 2. Nf3 Nc6 3. Bb5 a6 4. Ba4 Nf6 5. O-O Be7 6. Re1 b5 7. Bb3 d6 8. c3 O-O 9. h3 Bb7 10. d4 Re8 11. Ng5 Rf8 12. Nf3 Nd7 13. Nbd2 exd4 {C92: Closed Ruy Lopez: 9...Be6, Karpov and Flohr-Zaitsev Variations.} 14. cxd4 Bf6 15. Nf1 Re8 {White has an edge.} 16. Ng3 Na5 17. Bc2 g6 $1 {Prevents Nf5} 18. Nh2 c5 19. d5 Nc4 20. Rb1 Bg7 21. b3 Ncb6 {[#]} 22. Bf4 $146 ({Predecessor:} 22. Ng4 Ne5 23. Ne3 a5 24. f4 Ned7 25. Qf3 Bc8 26. Bb2 Bxb2 27. Rxb2 b4 28. Bd3 a4 29. Bb5 axb3 30. axb3 {1-0 Bosiocic,M (2590)-Borisek,J (2576) Spilimbergo op 16th 2018 (8)}) 22... Ne5 23. Ng4 Nxg4 24. Qxg4 a5 25. Bg5 f6 (25... Bf6 $11 26. Bxf6 Qxf6) 26. Bf4 $14 a4 27. bxa4 b4 28. h4 (28. Qd1 $14) 28... Nxa4 $15 29. h5 Bc8 $1 30. Qf3 Nc3 31. hxg6 $1 hxg6 {...Ra3 would be deadly.} 32. e5 {[%mdl 64] Discovered Attack} f5 (32... Rxa2 $2 33. Bxg6 dxe5 34. Be3 $18) (32... fxe5 {seems wilder.} 33. Bxg6 Qf6 34. Bxe8 Qxf4 35. Rb2 Bg4) 33. e6 {[%cal Og3f5] Strongly threatening Nxf5!} Rxa2 $2 {[#]} (33... Nxb1 $11 34. Nxf5 gxf5) 34. Nxf5 $1 Rxc2 $16 ({Of course not} 34... gxf5 $6 35. Qh5 Rxc2 36. Qf7+ Kh8 37. Qh5+ Kg8 38. Qf7+ Kh8 39. Qh5+ Kg8 $11) 35. Nxg7 {[%cal Of4d6] Bxd6! is the strong threat.} Kxg7 $2 {[#]} (35... Re7 $16) 36. Ra1 $1 $18 {And now Ra7+ would win.} Qe7 {Wards off Ra7} (36... Rf8 $2 37. e7 $18) (36... Nb5) 37. Qg3 $2 {[#]} ({White has to play} 37. Bxd6 $1 $18 Qxd6 38. Qf7+ Kh6 39. Qxe8 Ne2+ 40. Rxe2 Rxe2 41. Qxc8 Qxd5 42. Qf8+ Kh5 43. e7) 37... Ne2+ (37... Nxd5 $2 38. Bxd6 Rc3 39. Qe5+ Qf6 40. Ra7+ Kg8 41. Qxd5 Bxe6 42. Qc6 $18) ({Better is} 37... Re2 $1 $17 38. Bg5 Ne4 39. Bxe7 Nxg3 40. Bxd6 Bxe6 41. fxg3 Bxd5 42. Rxe2 Rxe2 43. Bxc5 b3 44. Bd4+ Kg8) 38. Rxe2 $1 $11 Rxe2 39. Bg5 $2 {[%mdl 8192] White is now going downhill.} (39. Bxd6 $15 Qf6 40. Ra7+ Kg8 41. f4 Qd4+ 42. Kh1 Qh8+ 43. Kg1) 39... Qb7 $19 40. Qf3 {[#]} R2xe6 41. dxe6 {Threatens to win with Qf6+.} Qxf3 42. gxf3 Bxe6 {[%mdl 4096] Endgame KRB-KRB} 43. Bf4 Rd8 44. Ra6 b3 45. Bxd6 {[#]} (45. Bc1 $19) 45... Rxd6 $1 {[%mdl 512] Black mates.} 46. Rxd6 {KR-KB} Kf7 47. Kf1 c4 48. Ke2 b2 49. Rb6 c3 50. Kd3 Bf5+ 51. Kxc3 b1=Q ({Stronger than} 51... b1=B 52. Kd4 $15) 52. Rxb1 Bxb1 53. Kd4 Kf6 54. Ke3 Kf5 55. f4 Be4 {Weighted Error Value: White=0.51/Black=0.31} 0-1

[Event "1000GM Memorial Day NY IM-C 2023"]
[Site "New York"]
[Date "2023.05.25"]
[Round "1.5"]
[White "Paragua, Mark"]
[Black "Poliannikov, Danila"]
[Result "1-0"]
[ECO "A05"]
[WhiteElo "2442"]
[BlackElo "2278"]
[Annotator "TA"]
[PlyCount "73"]
[EventDate "2023.05.23"]
[EventType "tourn"]
[EventRounds "9"]
[EventCountry "USA"]
[SourceTitle "playchess.com"]
[Source "ChessBase"]
[SourceQuality "1"]
[TimeControl "5400+30"]

1. Nf3 Nf6 2. g3 c5 3. Bg2 Nc6 4. O-O e5 5. c4 d5 6. cxd5 Nxd5 7. Nc3 Nc7 8. a3 Rb8 9. d3 Be7 10. Be3 O-O 11. Rc1 Bd7 {A34: Symmetrical English: 2 Nc3, lines with ...d5.} 12. Nd2 b6 {[#]} 13. Nc4 $146 ({Predecessor:} 13. f4 exf4 14. Bxf4 Rc8 15. Nc4 Ne6 16. Bd2 Bg5 17. Nd5 Bxd2 18. Qxd2 Ncd4 19. Rce1 Nc6 20. e4 f6 21. Nce3 Kh8 {½-½ Korneev,S (2105)-Tatai,S (2325) Santa Cruz de Tenerife op 25th 2014 (3)}) 13... f6 {The position is equal.} 14. f4 b5 15. Nd2 Nd4 16. fxe5 fxe5 17. Rxf8+ Qxf8 18. Nf3 Bd6 (18... Nxf3+ $14 19. Bxf3 Ne6) 19. Ne4 $16 Nce6 20. Bxd4 exd4 21. Qb3 {[#] Threatens to win with Qd5.} c4 22. Qa2 (22. dxc4 $16 {c5 is the strong threat.} bxc4 23. Qa2 (23. Qxc4 Rc8 $15)) 22... Nc5 $1 $14 23. Nfg5 {Excellent horsemanship.} (23. Nxd4 Be5 24. Nf3 (24. Rxc4 $2 bxc4 25. Qxc4+ Qf7 $19) 24... Nxe4 25. dxe4 Bf6 $15) (23. dxc4 $5 Nxe4 24. c5+ Kh8 25. cxd6 $14) 23... Qe7 {White must now prevent ...h6.} (23... h6 $5 24. Rxc4 (24. Rf1 Qe7 $15) 24... bxc4 25. Qxc4+ Kh8 26. Nf7+ (26. Qxd4 $2 Be7 $19) 26... Kh7 27. Nexd6 Qe7 28. Qxc5 Qe3+ 29. Kh1 Rxb2 30. Be4+ (30. Qxa7 $2 Qc1+) 30... g6 31. Bxg6+ (31. Qxa7 $2 Rb1+ 32. Kg2 Qxe2#) 31... Kg7 32. Qe5+ (32. Qxa7 $2 Rb1+ 33. Kg2 Qxe2#) 32... Kxg6 33. Qxe3 {[%mdl 64] Remove Defender} dxe3 34. Ne5+ Kf6 35. Nxd7+ Ke6 $11) 24. dxc4 Be6 $1 25. Qb1 {[#] Nxc5 would be deadly.} (25. Nxe6 {simplifies} Qxe6 26. Qb1 Nxe4 27. Qxe4 Qxe4 28. Bxe4 bxc4 29. Rc2) 25... Bxc4 26. Nxd6 Qxg5 27. Nxc4 bxc4 (27... Nb3 {is interesting.} 28. Rf1 bxc4 29. Qe4 Nd2) 28. Qc2 c3 29. bxc3 d3 30. exd3 Nxd3 31. Rf1 Qe3+ 32. Kh1 {[%cal Oc2b3] Threatening mate with Qb3+!} h6 {aiming for ...Rb2.} 33. Qa2+ Kh8 34. Qf7 $36 {[%mdl 2048] White is more active.} (34. a4 $5) 34... Rb2 $2 (34... Rb1 $11) 35. Qf8+ $18 {White is clearly winning.} ({Not} 35. Bd5 Rb8 36. c4 Qe2 $16) 35... Kh7 36. Qf5+ ({Don't blunder} 36. Bd5 $2 Nf2+ 37. Rxf2 (37. Kg2 {is a self mate.} Ng4+ {[%mdl 64] Discovered Attack} 38. Kh3 Rxh2+ 39. Kxg4 Qg5+ 40. Kf3 Qxd5+ 41. Kf4 Qc4+ 42. Ke5 Re2+ 43. Kd6 Rd2+ 44. Ke5 Rd5+ 45. Ke6 Qe4+ 46. Kf7 Rd7+) 37... Rxf2 38. Bg8+ Kg6 39. Qd6+ Rf6 $19) 36... Kh8 37. Be4 {Weighted Error Value: White=0.11 (very precise) /Black=0.10 (very precise)} 1-0

[Event "1000GM Memorial Day NY IM-C 2023"]
[Site "New York"]
[Date "2023.05.26"]
[Round "2.1"]
[White "Sazci, Bilgen"]
[Black "Poliannikov, Danila"]
[Result "0-1"]
[ECO "D00"]
[WhiteElo "1827"]
[BlackElo "2278"]
[Annotator "TA"]
[PlyCount "90"]
[EventDate "2023.05.23"]
[EventType "tourn"]
[EventCountry "USA"]
[SourceTitle "playchess.com"]
[Source "ChessBase"]
[SourceQuality "1"]
[TimeControl "5400+30"]

1. d4 Nf6 2. Nc3 d5 3. Bf4 g6 4. Nb5 Na6 5. e3 Bg7 6. h3 {[%emt 0:00:55] D00: 1 d4 d5: Unusual lines.} O-O 7. c4 {[%emt 0:02:52] [#]} (7. Nc3 $11 {keeps the balance.}) 7... c5 $1 $17 8. Nf3 {[%emt 0:03:45] [#] Black is better.} Qa5+ $146 ({Predecessor:} 8... Bf5 9. Be2 Nb4 10. O-O a6 11. Nc3 dxc4 12. Bxc4 b5 13. Be2 Nfd5 14. Bh2 Nc6 {0-1 Dol,G-De Waard NED-ch H corr 1989}) 9. Nc3 (9. Qd2 Nb4 10. Nc3 Ne4 $17) 9... cxd4 (9... Ne4 $17 10. Qb3 Nb4) 10. exd4 $11 Bf5 11. Be2 dxc4 12. Bxc4 Rac8 (12... Qb4 $5 13. Qe2 Rac8 14. Bxa6 (14. Ne5 $2 Nh5 $19) 14... Nd5 $11) 13. Qe2 Be4 14. Bb3 {[%emt 0:07:10] [#]} Nb4 $1 15. Rd1 {[%emt 0:01:46] Inhibits Nd3+.} Nbd5 16. Bd2 Nxc3 17. bxc3 Qh5 18. g4 $1 Qa5 19. O-O Bd5 20. c4 Qa6 21. Ne5 {[%emt 0:02:32] aiming for Rfe1.} Ne4 22. Rfe1 ({White should try} 22. Bb4 $14) 22... Nxd2 23. Qxd2 Bxe5 24. cxd5 (24. Rxe5 $11 Bxc4 25. Rxe7) 24... Bd6 $17 {[%emt 0:00:24] Black is more active. Black continues to play with concentration.} 25. Kg2 Qa3 (25... Qb5 {looks sharper.} 26. Rb1 a5 27. Rec1 Ba3) 26. Re2 a5 {[%emt 0:01:03] Hoping for ...a4.} 27. Qd3 Qb4 $36 {[%emt 0:03:06][%mdl 2048] Black is in control.} 28. Rb1 (28. Re3 $17 {was called for.}) 28... Rc3 $19 29. Qd1 Rfc8 {[%emt 0:00:52] White is weak on the dark squares} 30. a4 (30. Re3 $17 {was worth a try.}) 30... b5 {[%emt 0:00:22] White must now prevent ...Bb8.} 31. axb5 (31. Rc2 $142) 31... Qxb5 32. Ba2 (32. Re3 $142) 32... Qd3 33. Qxd3 Rxd3 34. Rb3 Rxd4 35. Rb5 a4 36. Bb1 a3 37. Ra5 Rc3 38. Be4 Rcc4 39. Bb1 Kg7 40. Ra6 Rb4 ({Weaker is} 40... Rxd5 41. Ba2 Rdd4 42. Bxc4 Rxc4 43. Kf3 $17) 41. Ba2 Rb8 42. Ra5 $2 (42. Rc6) 42... Rd1 ({Don't go for} 42... Rb2 $2 43. Rxb2 axb2 44. Rb5 $19) 43. Re3 Rb2 {[%emt 0:00:40] Black is clearly winning.} 44. Bc4 Rd4 45. Bb3 (45. Ba6 $142 Rdd2 46. Rf3) 45... Rf4 {[%emt 0:00:13] Weighted Error Value: White=0.42/Black=0.13 (very precise)} 0-1

[Event "1000GM Memorial Day NY IM-C 2023"]
[Site "New York"]
[Date "2023.05.26"]
[Round "2.2"]
[White "Nemeth, Miklos"]
[Black "Paragua, Mark"]
[Result "1/2-1/2"]
[ECO "C54"]
[WhiteElo "2452"]
[BlackElo "2442"]
[Annotator "TA"]
[PlyCount "31"]
[EventDate "2023.05.23"]
[EventType "tourn"]
[EventCountry "USA"]
[SourceTitle "playchess.com"]
[Source "ChessBase"]
[SourceQuality "1"]
[TimeControl "5400+30"]

1. e4 e5 2. Nf3 Nc6 3. Bc4 Bc5 4. O-O Nf6 5. d3 d6 6. c3 O-O 7. Bb3 {[%emt 0:00:07] The position is equal. The old main line.} h6 {[%emt 0:00:20] C54: Giuoco Piano: 4 c3 Nf6, main lines with 5 d4 and 5 d3.} 8. Be3 Bb6 9. Nbd2 d5 {[%emt 0:00:53] [#] Not much happened in this game.   Weighted Error Value: White=0.10 (very precise) /Black=0.10 (very precise)} {Predecessor:} 10. Bxb6 $146 axb6 11. Re1 d4 12. cxd4 exd4 13. a3 Re8 14. Rc1 Ra5 15. Ba4 b5 16. Bb3 {1-0 Tatar Kis,S (2411)-Szilagyi,P (2399) HUN-chT2 Maroczy 0405 2004 (3)} 1/2-1/2

[Event "1000GM Memorial Day NY IM-C 2023"]
[Site "New York"]
[Date "2023.05.26"]
[Round "2.3"]
[White "Mou, Iris"]
[Black "Reiss, Aiden"]
[Result "1-0"]
[ECO "B40"]
[WhiteElo "2002"]
[BlackElo "2138"]
[Annotator "TA"]
[PlyCount "53"]
[EventDate "2023.05.23"]
[EventType "tourn"]
[EventCountry "USA"]
[SourceTitle "playchess.com"]
[Source "ChessBase"]
[SourceQuality "1"]
[TimeControl "5400+30"]

1. e4 c5 2. Nf3 e6 3. b3 Nc6 4. Bb2 Nf6 5. e5 Nd5 6. Nc3 {[%emt 0:00:00] B40: Sicilian: 2...e6, Unusual lines.} Nxc3 7. dxc3 Be7 8. Bd3 {[%emt 0:00:00] [#] White has an edge.} Qa5 $146 ({Predecessor:} 8... d5 9. exd6 Qxd6 10. Qe2 Qf4 11. Bc1 Qf6 12. Bd2 O-O 13. O-O-O c4 14. Be4 Ba3+ {1-0 Ismail,M (2211)-Pousada Garcia,D (2077) Cambridge op 2023 (5)}) 9. Qe2 Nd4 10. Qe4 Nxf3+ 11. Qxf3 c4 {[%emt 0:00:53][%mdl 64] Discovered Attack} 12. Bxc4 Qxe5+ 13. Be2 O-O 14. O-O-O Bf6 15. h4 d5 16. g4 Bxh4 $2 17. c4 {[%emt 0:00:00][%mdl 64] Discovered Attack} Bg5+ 18. Kb1 Qf4 {[%emt 0:01:37] [#]} 19. Qh3 (19. cxd5 Qxf3 20. Bxf3 exd5 $16) ({Better is} 19. Qg2 $1 $18) 19... h6 $16 (19... Bh6 $2 20. Bc1 Qe5 21. Bxh6 gxh6 22. Qxh6 $18) 20. cxd5 $40 {[%emt 0:00:00][%mdl 128] White has strong attack. White is more active.} (20. Qc3 Bf6 21. Qd2 Qxd2 22. Rxd2 Bxb2 23. Kxb2 dxc4 $15) 20... exd5 (20... Qxf2 $142 21. Bf3 (21. Qc3 Bf6 $15) 21... Qb6) 21. Rxd5 {[%emt 0:00:00] And now Bc1 would win.} ({Much worse is} 21. Qc3 $6 Bf6 22. Qf3 Qxf3 23. Bxf3 Bxb2 24. Kxb2 Be6 $11) 21... f6 $2 (21... Be6 $16 22. Bc1 (22. Qc3 Bf6 $15) 22... Qxc1+ 23. Rxc1 Bxd5) 22. Bc4 $18 {[%emt 0:00:00] Black is weak on the light squares} Kh8 23. f3 b5 24. Rxb5 {[%emt 0:00:00] Qh5 would be deadly.} Bd7 25. Rd5 Bc8 26. Qh5 {[%emt 0:00:00][%cal Od5g5] Threatening mate with Rxg5!} Rb8 {[%emt 0:03:01] [#]} 27. Rxg5 $1 {[%emt 0:00:00][%mdl 576] Pin.   Weighted Error Value: White=0.15 (very precise) /Black=0.54} 1-0

[Event "1000GM Memorial Day NY IM-C 2023"]
[Site "New York"]
[Date "2023.05.26"]
[Round "2.4"]
[White "Moor, Nathaniel Philip"]
[Black "Lee, Megan"]
[Result "1-0"]
[ECO "D45"]
[WhiteElo "2185"]
[BlackElo "2261"]
[Annotator "TA"]
[PlyCount "52"]
[EventDate "2023.05.23"]
[EventType "tourn"]
[EventCountry "USA"]
[SourceTitle "playchess.com"]
[Source "ChessBase"]
[SourceQuality "1"]
[TimeControl "5400+30"]

1. d4 Nf6 2. Nf3 d5 3. c4 c6 4. e3 e6 5. Nc3 Nbd7 6. Qc2 Bd6 7. g4 Nxg4 8. Rg1 $1 h5 {[%emt 0:06:02] D45: Semi-Slav: 5 e3.} 9. h3 Nh6 (9... Qf6 {looks sharper.} 10. Be2 Nh2 11. Ng5 Ng4) 10. e4 (10. Rxg7 $2 Qf6 11. Rg5 Qxf3 $19) 10... dxe4 {[%emt 0:03:43] White is slightly better.} 11. Qxe4 (11. Nxe4 $14 Bb4+ 12. Bd2 Bxd2+ 13. Qxd2) 11... Nf6 12. Qc2 Nf5 13. Bd3 {[%emt 0:02:21] [#]} O-O $146 (13... b5 $11) ({Predecessor:} 13... Bb4 14. Bxf5 exf5 15. Rxg7 Be6 16. Qd3 Ne4 17. Bd2 Nxd2 18. Kxd2 Qf6 19. Rgg1 O-O-O {1-0 Ikeda,J (2349)-Sidhant,M (2155) Wch U20 50th 2011 (9)}) 14. Bg5 $14 Be7 (14... b5 $14) 15. O-O-O $16 Qc7 {[%emt 0:00:00] [#]} (15... Nxd4 $2 16. Nxd4 (16. Bh7+ Nxh7 17. Rxd4 Qxd4 $15) 16... Qc7 17. Bh6 $18) (15... Nh7 $142 16. Bxe7 Qxe7) 16. d5 $1 {[%emt 0:12:43][%mdl 512] Strongly threatening Bxf5. White is more active.} cxd5 (16... Ne8 17. dxe6) 17. cxd5 {[%emt 0:01:35] Bxf5 would be deadly.} Nd6 {[%emt 0:00:00] [#]} (17... Ne8 $16) 18. Kb1 (18. Qd2 $1 $18 {aiming for Bh6.} Nxd5 19. Bh6) 18... Kh8 $2 {[%emt 0:00:00][%mdl 8192] A mistake that costs the game.} (18... Rd8 $16) 19. Qe2 $18 Nde8 20. Nd4 Qb6 21. Bc2 Bd7 (21... g6 $142 22. dxe6 Bxe6 23. Bxg6 (23. Nxe6 Qxe6 24. Qxe6 fxe6 $18) 23... Rg8) 22. Ne4 {[%emt 0:02:34] Threatening mate with Bxf6.} e5 {[%emt 0:01:32] [#]} (22... Ba3 $142 23. Nb3 Nxe4 24. Bxe4 (24. bxa3 $2 {loses.} Nc3+ 25. Kb2 Nxe2 $19) 24... f5) 23. d6 $1 exd4 (23... Qa6 24. dxe7) 24. Nxf6 Nxf6 25. Bxf6 Be6 26. Qd3 {[%emt 0:00:02][%csl Gc2][%cal Rd3h7][%mdl 64] Double Attack} Bg4 {[%emt 0:00:17] Excellently played by Moor!   Weighted Error Value: White=0.31/Black=1.11} 1-0